 Dungeon Crawl Stone Soup version 0.28-a0-1510-gd0f6b136d3 (webtiles) character file.

Game seed: 9068251201826469177

1902 ragingrage the Fighter (level 9, -10/60 HPs)
             Began as a Gargoyle Artificer on Jan 14, 2022.
             Was a Believer of Okawaru.
             Mangled by a very large slime creature (49 damage)
             ... on level 6 of the Dungeon.
             The game lasted 00:06:59 (6945 turns).

ragingrage the Fighter (Gargoyle Artificer)         Turns: 6945, Time: 00:06:59

Health: -10/60     AC: 20    Str: 18    XL:     9   Next: 15%
Magic:  9/9        EV:  7    Int: 12    God:    Okawaru [**....]
Gold:   53         SH:  0    Dex: 12    Spells: 8/8 levels left

rFire   . . .      SeeInvis .   w - +4 short sword (spect)
rCold   . . .      Faith    .   (no shield)
rNeg    + . .      Spirit   .   a - +4 chain mail
rPois   ∞          Reflect  .   g - +0 hat
rElec   +          Harm     .   (no cloak)
rCorr   .          Rampage  .   p - +0 pair of gloves
Will    .....                   (no boots)
Stlth   ..........              (no amulet)
HPRegen 0.20/turn               q - ring of flight
MPRegen 0.11/turn               (no ring)

@: flying
A: sickness immunity, AC +6, negative energy resistance 1, electricity
resistance, torment resistance 1, petrification resistance
a: Renounce Religion, Heroism


You were on level 6 of the Dungeon.
You worshipped Okawaru.
Okawaru was pleased with you.
You visited 1 branch of the dungeon, and saw 7 of its levels.

You collected 203 gold pieces.
You spent 150 gold pieces at shops.

Inventory:

Hand Weapons
 w - a +4 spectral short sword (weapon)
Missiles
 b - 4 javelins
Armour
 a - a +4 chain mail (worn)
 g - a +0 hat (worn)
 p - a +0 pair of gloves (worn)
Jewellery
 q - a ring of flight (left hand)
Wands
 c - a wand of flame (4) (quivered)
 d - a wand of charming (10)
Scrolls
 i - 2 scrolls of silence
 j - 2 scrolls of enchant weapon
 l - 2 scrolls of magic mapping
 n - 4 scrolls of teleportation
 o - 2 scrolls of vulnerability {unknown}
 r - 5 scrolls of identify
 t - 2 scrolls of immolation {unknown}
 x - a scroll of fog {unknown}
 y - 4 scrolls of blinking
 z - 2 scrolls of amnesia {unknown}
Potions
 f - a potion of attraction {unknown}
 h - a potion of might {unknown}
 k - 3 potions of curing
 m - a potion of brilliance {unknown}
 s - 2 potions of haste {unknown}
 u - 2 potions of berserk rage
 v - a potion of lignification {unknown}
Miscellaneous
 e - a piece from Xom's chessboard (14/15)


   Skills:
 + Level 9.0 Fighting
 - Level 2.1 Armour
 - Level 0.7 Dodging
 - Level 1.1 Stealth
 + Level 8.0 Evocations


You had 8 spell levels left.
You didn't know any spells.
Your spell library contained the following spells:

 Spells                   Type           Power      Damage    Failure   Level
 Ozocubu's Armour         Ice            0%         N/A       100%        3
 Metabolic Englaciation   Hex/Ice        0%         N/A       100%        5
 Simulacrum               Ice/Necr       Unusable   N/A       N/A         6

Dungeon Overview and Level Annotations

Branches:
Dungeon (7/15)             Temple (0/1) D:5

Altars:
Elyvilon
Hepliaklqana
Nemelex Xobeh
Okawaru
Sif Muna
Trog
Uskayaw
Yredelemnul
The Shining One

Shops:
D:6 ?


Innate Abilities, Weirdness & Mutations

You are immune to sickness and miasma.
Your stone body is resilient. (AC +6)
You are immune to poison.
You resist negative energy. (rN+)
You are resistant to electric shocks. (rElec)
You are resistant to unholy torment.
You are immune to petrification.


Message History

No target in view!
Found a hunting sling.
There is a stone staircase leading down here.
Found a stone staircase leading down.
Done exploring.
No target in view!
Done exploring.
Done exploring.
(D) Dungeon (T) Temple
Where to? (Enter - D:6, ? - help)
There is a stone staircase leading down here.
You fly downwards.
Found 17 gold pieces.
There is a stone staircase leading up here.
Search for what [Enter for "brand", or ? for help]? axe Can't find anything matching that.
You now have 53 gold pieces (gained 17). 2 slime creatures come into view.
Found 13 sling bullets.
The slime creature quivers.
The slime creature moves out of view.
A slime creature is nearby!
A slime creature is nearby!
A slime creature comes into view.
The slime creature quivers.
There is a stone staircase leading up here.
The slime creature hits you!
The slime creature hits you but does no damage.
Two slime creatures merge to form a large slime creature.
You fly upwards.
There is a stone staircase leading down here.
You barely miss the slime creature. The slime creature hits you!
You puncture the slime creature!
The slime creature is lightly wounded.
Two slime creatures merge to form a very large slime creature.
You barely miss the very large slime creature.
The very large slime creature is lightly wounded.
The very large slime creature hits you!!!
Ouch! That really hurt!
You die...

##################
...............J@#
##################
##########
#....(...#


You could see a very large slime creature.

Vanquished Creatures
  Sigmund (D:5)
  Eustachio (D:6)
  2 ice beasts (D:5)
  2 black bears
  A necrophage (D:5)
  3 ogres
  A centaur (D:5)
  2 phantoms
  A bullfrog (D:6)
  2 scorpions
  A hound (D:6)
  Terence (D:2)
  Jessica (D:2)
  2 gnoll shamans (D:5)
  An iguana (D:6)
  3 orc wizards (D:4)
  A scorpion zombie (D:5)
  A hound skeleton (D:4)
  A howler monkey zombie (D:6)
  7 gnolls
  6 adders
  2 worms (D:4)
  2 dart slugs
  7 orcs
  5 bats
  4 endoplasms
  7 giant cockroaches
  9 goblins
  5 hobgoblins
  A quokka (D:1)
  10 ball pythons
  3 frilled lizards
  7 kobolds
  4 rats
  A spectral orc (D:6)
108 creatures vanquished.

Vanquished Creatures (collateral kills)
  A hobgoblin (D:2)
  A frilled lizard (D:2)
  A rat (D:2)
3 creatures vanquished.

Vanquished Creatures (others)
  A gnoll (D:3)
  An endoplasm (D:2)
  18 plants (D:5)
20 creatures vanquished.

Grand Total: 131 creatures vanquished

Notes
Turn   | Place    | Note
-------+----------+-------------------------------------------
     0 | D:1      | ragingrage the Gargoyle Artificer began the quest for the
                  | Orb.
     0 | D:1      | Reached XP level 1. HP: 12/12 MP: 1/1
    80 | D:1      | Found a faded altar of an unknown god.
   126 | D:1      | Reached XP level 2. HP: 9/17 MP: 2/2
   564 | D:1      | Reached skill level 2 in Fighting
  1043 | D:2      | Reached XP level 3. HP: 12/21 MP: 3/3
  1427 | D:2      | Noticed Jessica
  1440 | D:2      | Killed Jessica
  1441 | D:2      | Reached skill level 3 in Fighting
  1441 | D:2      | Reached XP level 4. HP: 10/28 MP: 4/4
  2030 | D:2      | Noticed Terence
  2074 | D:2      | HP: 1/28 [Terence (2)]
  2076 | D:2      | Killed Terence
  2852 | D:3      | Reached XP level 5. HP: 32/33 MP: 5/5
  3024 | D:3      | Found a sparkling altar of Nemelex Xobeh.
  3323 | D:4      | Found a white marble altar of Elyvilon.
  3335 | D:4      | Noticed a black bear
  3396 | D:4      | Reached skill level 4 in Fighting
  3486 | D:4      | Killed a black bear
  3487 | D:4      | Reached XP level 6. HP: 33/39 MP: 6/6
  3764 | D:4      | Found a bloodstained altar of Trog.
  3835 | D:4      | Found a hazy altar of Hepliaklqana.
  3908 | D:4      | Found an iron altar of Okawaru.
  3908 | D:4      | Found a glowing golden altar of the Shining One.
  3994 | D:4      | Became a worshipper of Warmaster Okawaru
  4069 | D:4      | Found a shimmering blue altar of Sif Muna.
  4131 | D:4      | Reached skill level 5 in Fighting
  4131 | D:4      | Reached skill level 5 in Evocations
  4454 | D:5      | Entered Level 5 of the Dungeon
  4454 | D:5      | Noticed a necrophage
  4505 | D:5      | Killed a necrophage
  4506 | D:5      | Reached XP level 7. HP: 31/44 MP: 7/7
  4606 | D:5      | Noticed Sigmund
  4616 | D:5      | Killed Sigmund
  4616 | D:5      | Reached * piety under Okawaru
  4617 | D:5      | Reached skill level 6 in Fighting
  4866 | D:4      | Reached XP level 8. HP: 48/52 MP: 8/8
  4877 | D:5      | Reached skill level 7 in Fighting
  5395 | D:5      | Found a staircase to the Ecumenical Temple.
  5428 | D:5      | Found a hide-covered altar of Uskayaw.
  5779 | D:5      | Reached ** piety under Okawaru
  6045 | D:6      | Reached skill level 8 in Fighting
  6398 | D:6      | Found Pionta's Magic Scroll Boutique.
  6406 | D:6      | Bought a scroll of identify for 24 gold pieces
  6406 | D:6      | Bought a scroll of teleportation for 36 gold pieces
  6406 | D:6      | Bought a scroll of blinking for 90 gold pieces
  6433 | D:6      | Noticed Eustachio
  6442 | D:6      | Killed Eustachio
  6443 | D:6      | Reached XP level 9. HP: 60/60 MP: 9/9
  6521 | D:6      | Found a basalt altar of Yredelemnul.
  6697 | D:6      | Reached skill level 9 in Fighting
  6945 | D:6      | Mangled by a very large slime creature

Illustrated notes

Levels and vault maps discovered:
D:1:      ebering_trefoil_twist, layout_basic, dreamdust_ecumenical_altar_grove
D:2:      layout_basic, kennysheep_donut, uniq_jessica, uniq_terence
D:3:      layout_rooms, nemelex_altar_shiori
D:4:      layout_rooms, gammafunk_temple_overflow_statue,
          mainiacjoe_overflow_catwalk, kennysheep_orc_sif_temple,
          mainiacjoe_overflow_large_starburst
D:5:      layout_loops_ring, lemuel_tele_altar, temple_doors_ab,
          nicolae_grassy_gnolls, uniq_sigmund, uniq_crazy_yiuf_cottage
D:6:      layout_basic, yredelemnul_forgotten_temple_becter, serial_shops,
          nicolae_stop_n_shop_2, uniq_eustachio
D:7:      layout_gridville, nicolae_overflow_crystal_walls

Skill      XL: |  1  2  3  4  5  6  7  8  9 |
---------------+----------------------------+-----
Evocations     | 3 4 5 6 7 8 |  8.0
Fighting       | 2 3 4 5 6 8 9 |  9.0
Armour         | |  2.1
Dodging        | |  0.7
Stealth        | |  1.1

Action                   |  1- 3 |  4- 6 |  7- 9 || total
-------------------------+-------+-------+-------++-------
Melee: Mace              |    94 |       |       ||    94
       Punch             |     2 |     7 |     6 ||    15
       Dagger            |       |   232 |       ||   232
       Short sword       |       |     5 |   187 ||   192
Evoke: Wand              |     5 |    10 |     1 ||    16
       Piece from Xom's  |       |       |     9 ||     9
  Use: Potion            |       |     2 |       ||     2
       Scroll            |       |       |     5 ||     5
 Stab: Sleeping          |     1 |     2 |       ||     3
       Paralysed         |       |       |     5 ||     5
       Confused          |       |       |     1 ||     1
Armor: Leather armour    |    59 |    91 |       ||   150
       Chain mail        |       |       |   161 ||   161
Dodge: Dodged            |    85 |   116 |    69 ||   270

Table legend: (Time is in decaauts)
 A = Elapsed time spent in this place.
 B = Non-inter-level travel time spent in this place.
 C = Inter-level travel time spent in this place.
 D = Time resting spent in this place.
 E = Time spent auto-exploring this place.
 F = Levels seen in this place.
 G = Mean time per level.
                   A        B        C        D        E       F      G
               +--------+--------+--------+--------+--------+-----+--------+
         Total |   7006 |   6834 |    172 |   1375 |   4156 |   7 | 1000.9 |
       Dungeon |   7006 |   6834 |    172 |   1375 |   4156 |   7 | 1000.9 |
               +--------+--------+--------+--------+--------+-----+--------+

Top non-repeatable levels by time:
     D:2: 1649 daAuts
     D:5: 1413 daAuts
     D:4: 1279 daAuts
     D:6: 918 daAuts
     D:1: 916 daAuts
     D:3: 809 daAuts
     D:7: 20 daAuts
